 Seeded DCSS version 0.32-a0-450-g080537f31e (webtiles) character file.

Game seed: 6965631656755398118 (custom seed)

247 CougarLife the Digger (level 6, -1/32 HPs)
             Began as a Gargoyle Earth Elementalist on Feb 23, 2024.
             Blown up by Ijyb (9 damage)
             ... with a mindburst bolt
             ... on level 3 of the Dungeon.
             The game lasted 00:02:33 (2406 turns).

CougarLife the Digger (Gargoyle Earth Elementalist) Turns: 2406, Time: 00:02:34

Health: -1/32      AC:  7    Str: 11    XL:     6   Next: 11%
Magic:  1/11       EV: 11    Int: 18    God:
Gold:   112        SH:  0    Dex: 10    Spells: 8/12 levels left

rFire   . . .        e - +1 dagger (venom)
rCold   . . .        (no shield)
rNeg    + . .        a - +0 robe
rPois   ∞            i - +0 helmet
rElec   +            (no cloak)
rCorr   .            (no gloves)
SInv    .            (no boots)
Will    .....        (no amulet)
Stlth   ++           (no ring)
HPRegen 0.25/turn    (no ring)
MPRegen 0.12/turn

%: no passive effects
@: no status effects
A: sickness immunity, AC +4, negative energy resistance 1, electricity
resistance, torment resistance 1, petrification resistance
a: no special abilities


You were on level 3 of the Dungeon.
You visited 1 branch of the dungeon, and saw 3 of its levels.

You collected 112 gold pieces.

Inventory:

Hand Weapons
 e - a +1 dagger of venom (weapon)
Armour
 a - a +0 robe (worn)
 i - a +0 helmet (worn)
Wands
 l - a wand of roots (6)
Scrolls
 c - a scroll of acquirement {unknown}
 j - 2 scrolls of identify {unknown}
 k - a scroll of amnesia {unknown}
 m - a scroll of poison {unknown}
Potions
 b - a potion of magic
 d - a potion of enlightenment {unknown}
 f - a potion of heal wounds {unknown}
 g - a potion of resistance {unknown}
 h - a potion of lignification {unknown}
 n - a potion of curing {unknown}
 o - a potion of invisibility {unknown}
 p - a potion of cancellation {unknown}


   Skills:
 - Level 1.5 Dodging
 - Level 2.1 Stealth
 + Level 3.7 Spellcasting
 + Level 3.7 Conjurations
 + Level 5.4 Earth Magic


You had 8 spell levels left.
You knew the following spells:

 Your Spells              Type           Power      Damage    Failure   Level
a - Sandblast             Erth           44%        2d11      1%          1
b - Stone Arrow           Conj/Erth      38%        3d9       7%          3

Your spell library contained the following spells:

 Spells                   Type           Power      Damage    Failure   Level
 Passwall                 Erth           22%        N/A       4%          3
 Momentum Strike          Conj/Tloc      18%        3d8       11%         2
 Blink                    Tloc           6%         N/A       22%         2
 Lesser Beckoning         Tloc           6%         N/A       22%         2
 Brom's Barrelling Bould  Conj/Erth      19%        2d4       22%         4
 Petrify                  Alch/Erth      13%        N/A       45%         4
 Borgnjor's Vile Clutch   Necr/Erth      6%         N/A       80%         5
 Animate Dead             Necr           3%         N/A       83%         4
 Death Channel            Necr           1%         N/A       100%        6


Dungeon Overview and Level Annotations

Branches:
Dungeon (3/15)

Altars:

Shops:
D:1 (!   D:2 *

Annotations:
D:3 Ijyb


Innate Abilities, Weirdness & Mutations

You are immune to sickness and miasma.
Your stone body is resilient. (AC +4)
You are immune to poison.
You resist negative energy. (rN+)
You are resistant to electric shocks. (rElec)
You are resistant to unholy torment.
You are immune to petrification.


Message History

Ijyb the Inquisitive comes into view.
She is wielding a +0 dagger and carrying a wand of mindburst.
Ijyb is nearby!
Ijyb zaps a wand.
Your mind is blasted!
You see here a sedimented dark potion.
Casting: Sandblast (safe; 1% risk of failure)
Confirm with . or Enter, or press ? or * to list all spells.
Aiming: Stone Arrow (quite dangerous; 7% risk of failure)
Press: ? - help, Shift-Dir - straight line, f - Ijyb
Aim: Ijyb, wielding a +0 dagger, wearing a +0 leather armour and carrying a wand of mindburst (60% to hit)
The stone arrow hits Ijyb!
Ijyb is heavily wounded.
Ijyb zaps a wand.
Your mind is blasted!
* * * LOW HITPOINT WARNING * * *
Casting: Stone Arrow (quite dangerous; 7% risk of failure)
Confirm with . or Enter, or press ? or * to list all spells.
Aiming: Stone Arrow (quite dangerous; 7% risk of failure)
Press: ? - help, Shift-Dir - straight line, f/p - Ijyb
Aim: Ijyb, wielding a +0 dagger, wearing a +0 leather armour and carrying a wand of mindburst (heavily wounded, 60% to hit)
The stone arrow misses Ijyb.
Casting: Stone Arrow (quite dangerous; 7% risk of failure)
Confirm with . or Enter, or press ? or * to list all spells.
Aiming: Stone Arrow (quite dangerous; 7% risk of failure)
Press: ? - help, Shift-Dir - straight line, f/p - Ijyb
Aim: Ijyb, wielding a +0 dagger, wearing a +0 leather armour and carrying a wand of mindburst (heavily wounded, 60% to hit)
The stone arrow misses Ijyb.
Ijyb zaps a wand.
Your mind is blasted!
* * * LOW HITPOINT WARNING * * *
Casting: Stone Arrow (quite dangerous; 7% risk of failure)
Confirm with . or Enter, or press ? or * to list all spells.
You don't have enough magic to cast this spell.
Unknown command.
Casting: Stone Arrow (quite dangerous; 7% risk of failure)
Confirm with . or Enter, or press ? or * to list all spells.
Aiming: Sandblast (safe; 1% risk of failure)
Press: ? - help, Shift-Dir - straight line, f/p - Ijyb
Aim: Ijyb, wielding a +0 dagger, wearing a +0 leather armour and carrying a wand of mindburst (heavily wounded, 79% to hit)
The blast of sand hits Ijyb but does no damage.
Ijyb is heavily wounded.
Ijyb zaps a wand.
Your mind is blasted!
You die...
Ijyb screams, "Time for next experiment!"

#.......#.#........(
##........†....##...
...<..........#.#
###.##.#.###.##.# #
#.#..##.# .#
#.##.##.# #
#.##.##.# #.......#
#..@##...... #.#.#
.....# #..g# .####
..... .# ...... #
##.....# ##...##
#.#..


You could see Ijyb.

Vanquished Creatures
  A phantom (D:3)
  Natasha (thrice) (D:2)
  Robin (D:2)
  A gnoll (D:1)
  2 adders
  A ribbon worm (D:2)
  5 ball pythons
  4 bats
  4 endoplasms
  A giant cockroach (D:1)
  10 goblins (D:2)
  4 hobgoblins (D:2)
  7 jackals
  5 kobolds
  3 quokkas (D:2)
  3 frilled lizards (D:1)
  2 rats (D:1)
57 creatures vanquished.

Notes
Turn   | Place    | Note
-------+----------+-------------------------------------------
     0 | D:1      | CougarLife the Gargoyle Earth Elementalist began the quest
                  | for the Orb.
     0 | D:1      | Reached XP level 1. HP: 10/10 MP: 3/3
    60 | D:1      | Found Ashripp's Weapon Shoppe.
   162 | D:1      | Reached XP level 2. HP: 9/15 MP: 0/5
   288 | D:1      | Found Baxzixzy's Distillery.
   615 | D:1      | Reached skill level 4 in Earth Magic
   848 | D:1      | Reached XP level 3. HP: 9/19 MP: 0/6
  1365 | D:2      | Noticed Natasha
  1367 | D:2      | Killed Natasha
  1368 | D:2      | Reached XP level 4. HP: 24/24 MP: 4/8
  1533 | D:2      | Identified the +2 kite shield of Untold Secrets {Str+4
                  | Int+5 Slay-3 SInv}
  1541 | D:2      | Noticed Robin
  1555 | D:2      | HP: 1/24 [Robin/+0 mace (3)]
  1556 | D:2      | Killed Robin
  1561 | D:2      | HP: 1/24 [goblin/+0 club[Robin] (2)]
  1757 | D:2      | Found Sozous's Assorted Antiques.
  1924 | D:2      | Noticed Natasha
  1933 | D:2      | Killed Natasha
  1934 | D:2      | Reached XP level 5. HP: 23/28 MP: 5/9
  1985 | D:2      | Learned a level 3 spell: Stone Arrow
  2135 | D:2      | Noticed Natasha
  2141 | D:2      | Killed Natasha
  2142 | D:2      | Reached skill level 5 in Earth Magic
  2294 | D:3      | Noticed a phantom
  2298 | D:3      | Killed a phantom
  2299 | D:3      | Reached XP level 6. HP: 30/32 MP: 6/11
  2401 | D:3      | Noticed Ijyb
  2406 | D:3      | Blown up by Ijyb

Illustrated notes

Levels and vault maps discovered:
D:1:      dpeg_arrival_solitude, layout_loops_corners, serial_shops, shop, shop
D:2:      layout_loops_cross, serial_shops, shop, uniq_natasha, uniq_robin
D:3:      layout_loops_ring, biasface_ghost_orc_armoury, serial_shops,
          nicolae_shop_tiny_real_fake_doors, uniq_ijyb

Skill      XL: |  1  2  3  4  5 |
---------------+----------------+-----
Earth Magic    | 4 5 |  5.4
Conjurations   | 2 3 |  3.7
Spellcasting   | 3 |  3.7
Dodging        | |  1.5
Stealth        | |  2.1

Action                     |  1- 3 |  4- 6 || total
---------------------------+-------+-------++-------
  Melee: Dagger            |    23 |    20 ||    43
   Cast: Sandblast         |    41 |    40 ||    81
         Stone Arrow       |       |     3 ||     3
 Armour: Robe              |    25 |    26 ||    51
  Dodge: Dodged            |    30 |    20 ||    50

Table legend: (Time is in decaauts)
 A = Elapsed time spent in this place.
 B = Non-inter-level travel time spent in this place.
 C = Inter-level travel time spent in this place.
 D = Time resting spent in this place.
 E = Time spent auto-exploring this place.
 F = Levels seen in this place.
 G = Mean time per level.
                   A        B        C        D        E       F      G
               +--------+--------+--------+--------+--------+-----+--------+
         Total |   2444 |   2230 |    214 |    188 |   1705 |   3 |  814.7 |
       Dungeon |   2444 |   2230 |    214 |    188 |   1705 |   3 |  814.7 |
               +--------+--------+--------+--------+--------+-----+--------+

Top non-repeatable levels by time:
     D:2: 1244 daAuts
     D:1: 1003 daAuts
     D:3: 197 daAuts
